Map: Rhoskallian LE

Players

Ekelpack - Winner!

  • Race: Zerg Zerg
  • Spawn Location: 5:00

Nyck - Winner!

  • Race: Terran Terran
  • Spawn Location: 6:00

Diamark

  • Race: Zerg Zerg
  • League: Gold
  • Spawn Location: 11:00

Emil

  • Race: Zerg Zerg
  • Spawn Location: 12:00

VOD

Have the link to the VOD?

Description

Time

  • Played on: Nov. 19, 2024, 2:16 p.m.
  • Length: 8:41
Show
View Real Time Build Order
Export as new Build Order

Ekelpack Zerg - Winner!

Build Orders: Hatch First 

Get SALT Encoding   

  12  0:00  Drone  
  13  0:13  Overlord  
  13  0:19  Drone  
  14  0:32  Drone  
  15  0:51  Drone  
  15  0:52  Hatchery  
  15  1:07  Spawning Pool  
  15  1:11  Drone  
  15  1:14  Extractor  
  15  1:16  Drone  
  15  1:20  Drone  
  15  1:25  Drone  
  17  1:33  Drone  
  18  1:45  Drone  
  19  1:54  Queen  
  19  1:59  Drone  
  22  2:04  Queen  
  24  2:10  Drone  
  26  2:15  Drone  
  26  2:30  Drone  
  26  2:35  Drone  
  28  2:42  Lair  
  28  2:47  Overlord  
  28  2:51  Extractor  
  28  2:54  Extractor  
  28  2:55  Drone x2  
  28  3:04  Metabolic Boost  
  28  3:10  Zergling x10  
  28  3:11  Zergling x6  
  36  3:20  Overlord  
  36  3:43  Drone x5  
  41  3:54  Drone x4, Spire  
  43  4:21  Queen  
  37  4:24  Zergling x2  
  37  4:25  Zergling x10  
  33  4:35  Zergling x4  
  28  4:48  Zergling x4  
  28  4:49  Zergling x6  
  31  5:42  Zergling x4, Mutalisk x5  
  34  5:53  Mutalisk  
  36  6:03  Drone  
  37  6:28  Mutalisk x3  
  43  6:33  Drone  
  43  6:39  Zerg Flyer Weapons Level 1, Overlord  
  44  7:02  Drone x5  
  44  7:03  Drone  
  50  7:18  Drone x2  
  50  7:19  Overlord  
  50  7:22  Extractor  
  47  7:51  Mutalisk x4  
  45  7:53  Drone, Zergling x4  
  54  8:16  Drone x2  
  54  8:17  Drone x3  
Show
View Real Time Build Order
Export as new Build Order

Nyck Terran - Winner!

Build Orders: 2 Factory, Hellion Opening 

Get SALT Encoding   

  12  0:00  SCV  
  13  0:12  SCV  
  14  0:19  Supply Depot  
  14  0:24  SCV  
  15  0:41  SCV  
  16  0:42  Barracks  
  16  0:46  Refinery  
  16  0:53  SCV  
  16  0:55  Refinery  
  17  1:05  SCV  
  18  1:18  SCV  
  19  1:30  Orbital Command  
  19  1:35  Factory  
  19  1:44  Barracks Reactor  
  19  1:47  Supply Depot  
  19  1:58  SCV  
  20  2:10  SCV  
  21  2:22  SCV  
  22  2:30  Hellion x2, Barracks Reactor  
  22  2:34  SCV  
  27  2:45  Factory  
  27  2:51  Hellion x2  
  27  2:54  Supply Depot  
  31  3:15  SCV, Marine  
  31  3:18  Supply Depot  
  33  3:21  Hellion x2  
  37  3:27  SCV  
  37  3:30  Factory Tech Lab  
  38  3:35  Marine  
  38  3:39  Marine  
  38  3:40  Supply Depot  
  40  3:42  SCV  
  41  3:49  Infernal Pre-Igniter  
  41  3:53  Siege Tank  
  41  3:55  Hellion  
  46  4:02  SCV, Hellion  
  42  4:29  Marine  
  42  4:30  Hellion  
  42  4:31  Hellion x2  
  41  4:40  SCV  
  42  4:52  Hellion x2  
  46  4:53  SCV  
  46  4:56  Hellion  
  47  5:13  Hellion x2  
  47  5:14  Marine x2  
  53  5:49  SCV  
  54  5:57  Supply Depot  
  54  6:02  Command Center  
  55  6:04  Hellion  
  55  6:19  Hellion x2  
  55  6:21  Supply Depot  
  61  6:26  Hellion  
  61  6:31  SCV  
  62  6:40  Marine  
  62  6:42  Marine, Hellion x2  
  62  6:44  Supply Depot  
  70  6:47  Hellion  
  70  6:50  SCV  
  71  7:06  Supply Depot, Hellion x2  
  77  7:08  Hellion  
  77  7:17  Command Center  
  73  7:44  Hellion  
  73  7:45  Hellion x2  
  65  8:10  Orbital Command  
  57  8:16  Engineering Bay  
Show
View Real Time Build Order
Export as new Build Order

Diamark Zerg 

Build Orders: Hatch First 

Get SALT Encoding   

  12  0:01  Drone  
  13  0:13  Overlord  
  13  0:18  Drone  
  14  0:31  Drone x2  
  16  0:37  Drone  
  17  0:52  Drone  
  18  0:59  Hatchery  
  18  1:02  Drone  
  18  1:07  Extractor  
  17  1:19  Spawning Pool  
  17  1:24  Drone x2  
  18  1:29  Drone  
  19  1:42  Drone  
  20  1:50  Overlord  
  20  2:06  Queen  
  22  2:11  Queen  
  22  2:12  Zergling x4  
  22  2:14  Drone  
  27  2:18  Metabolic Boost  
  27  2:26  Drone x2  
  29  2:43  Drone, Overlord  
  30  2:49  Queen  
  32  2:53  Zergling x2  
  32  2:54  Zergling x2  
  34  3:16  Zergling x2  
  34  3:17  Zergling x14  
  42  3:31  Zergling x2  
  42  3:32  Zergling x2  
  42  3:33  Overlord  
  42  3:34  Overlord x2  
  44  3:43  Lair  
  44  3:50  Overlord x2  
  44  3:57  Zergling x2  
  44  3:58  Zergling x8  
  43  4:17  Zergling x4  
  43  4:18  Zergling x8  
  48  4:27  Zergling x4  
  44  4:49  Zergling x2  
  44  4:50  Zergling x8  
  37  5:14  Drone  
  37  5:15  Drone x5, Extractor  
  37  5:16  Drone x3  
  45  5:23  Spire  
  45  5:27  Extractor  
  43  5:29  Zergling x2  
  43  5:30  Zergling x2  
  40  5:54  Drone x3  
  43  6:09  Drone x3  
  43  6:10  Drone  
  43  6:11  Drone x2  
  48  6:14  Extractor  
  44  6:33  Drone x3  
  44  6:36  Mutalisk x3  
  44  6:37  Mutalisk x2  
  57  6:42  Spore Crawler  
  56  6:51  Mutalisk  
  58  6:54  Hatchery  
  58  6:59  Queen  
  58  7:01  Overlord x2  
  59  7:03  Zergling x18  
  59  7:05  Queen  
  70  7:26  Mutalisk x5  
  70  7:28  Zergling x2  
  70  7:29  Zergling x8  
  60  8:00  Mutalisk x3  
  60  8:01  Mutalisk  
  62  8:19  Spore Crawler  
  61  8:25  Drone x2  
  63  8:37  Spore Crawler  
Show
View Real Time Build Order
Export as new Build Order

Emil Zerg 

Build Orders: Pool First, Zergling Baneling 

Get SALT Encoding   

  12  0:00  Drone  
  13  0:08  Drone  
  14  0:15  Drone, Extractor  
  15  0:32  Spawning Pool  
  15  0:34  Extractor  
  15  0:35  Drone  
  14  0:44  Overlord  
  14  0:50  Drone, Extractor  
  15  1:02  Drone x2  
  17  1:18  Drone  
  18  1:19  Queen  
  18  1:21  Drone  
  21  1:29  Overlord  
  21  1:35  Metabolic Boost  
  21  1:45  Drone  
  22  1:53  Zergling x2  
  23  2:07  Hatchery  
  22  2:10  Zergling x2  
  22  2:15  Queen  
  23  2:18  Zergling x2  
  26  2:23  Drone  
  27  2:30  Zergling x4  
  27  2:35  Zergling x2  
  30  2:44  Baneling Nest  
  29  2:46  Overlord  
  29  3:05  Drone x4  
  33  3:14  Zergling x2  
  33  3:19  Zergling x2  
  35  3:27  Baneling  
  35  3:28  Baneling x8  
  35  3:29  Baneling  
  35  3:34  Zergling x8  
  39  3:41  Overlord  
  39  3:43  Zergling x2  
  39  3:47  Zergling x2  
  39  3:48  Zergling x2  
  43  3:55  Zergling x4  
  41  4:23  Zergling x4  
  35  4:35  Zergling x12  
  35  4:37  Baneling  
  35  4:38  Baneling x5  
  40  4:51  Zergling x2  
  40  4:52  Zergling x2  
  40  4:57  Zergling x2  
  40  4:58  Baneling  
  40  4:59  Baneling x3  
  41  5:02  Drone  
  41  5:06  Drone  
  43  5:13  Drone x5  
  43  5:14  Drone  
  41  5:44  Zergling x16  
  41  5:45  Zergling x4  
  41  5:47  Baneling  
  41  5:48  Baneling x4  
  48  5:52  Drone x2  
  48  5:55  Extractor  
  49  6:02  Hatchery  
  48  6:05  Drone x2  
  50  6:12  Drone  
Tags
 
Add a new tag
Caveats
  • Supply blocks, unpowered buildings, or Contaminate may cause inaccurate times.
  • Supply counts are checked every 10 seconds.